 Dungeon Crawl Stone Soup version 0.30.0-5-g1a98f26d00 (webtiles) character file.

Game seed: 10214884716029353826

1831136 dang3rdave the Sorcerer (level 27, 211/211 HPs)
             Began as a Djinni Conjurer on May 12, 2023.
             Was the Champion of Jiyva.
             Escaped with the Orb
             ... and 3 runes!
             The game lasted 04:15:05 (55427 turns).

dang3rdave the Sorcerer (Djinni Conjurer)          Turns: 55427, Time: 04:15:06

Health: 211/211    AC: 15    Str:  9    XL:     27
Gold:   2482       EV: 21    Int: 43    God:    Jiyva [******] SH:  5 Dex: 13

rFire   + + +        W - +9 double sword (heavy)
rCold   + + +        c - +0 buckler of the Verdant God {rC+++ Will+ Dex+2}
rNeg    + . .        g - +0 troll leather armour of Benevolence {rPois rC+ Regen+ Int+4 Dex-5}
rPois   ∞            R - +2 helmet {SInv}
rElec   +            E - scarf {rC+ rF+}
rCorr   +            o - +0 pair of gloves of the Mantidfly {rElec Int+2 Dex+4}
SInv    +            (boots unavailable)
Will    ++++.        d - amulet of regeneration
Stlth   +            n - ring of positive energy
HPRegen 3.75/turn    A - ring of Muihecs {rC+ Will+ Int+2}
MPRegen 0.00/turn

%: no passive effects
@: flying, studying Dodging
A: sickness immunity, fire resistance 2, cold vulnerability 1, float, innate
caster, HP casting, extra vitality 1, iridescent scales 3, clever 1, sense
surroundings 1, strong 1, eyeballs 2, gelatinous body 1, pseudopods 1, sturdy
frame 1
0: Orb of Zot
}: 3/15 runes: decaying, serpentine, slimy
a: Renounce Religion, Oozemancy, Slimify


You escaped.
You worshipped Jiyva.
Jiyva was exalted by your worship.
You visited 10 branches of the dungeon, and saw 51 of its levels.
You visited 1 bazaar.
You also visited: Bailey, Gauntlet, Ice Cave and Volcano.

You collected 6301 gold pieces.
You spent 3819 gold pieces at shops.

Inventory:

Hand Weapons
 b - the +8 long sword "Wamynys" {spect, rElec rC+++ Int-4 Dex+3}
   (You found it in a volcano)

   Int:       It affects your intelligence (-4).
   Dex:       It affects your dexterity (+3).
   rC:        It renders you almost immune to cold.
   rElec:     It insulates you from electricity.
 m - the +5 demon whip "Spellbinder" {antimagic, disrupt, Will+}
   (You found it on level 3 of the Depths)

   Will:      It increases your willpower.
 W - a +9 heavy double sword (weapon)
Missiles
 i - 4 throwing nets
 K - 27 curare-tipped darts
 L - 54 poisoned darts
 N - 10 datura-tipped darts
 Z - 11 atropa-tipped darts
Armour
 c - the +0 buckler of the Verdant God (worn) {rC+++ Will+ Dex+2}
   (Okawaru gifted it to you on level 13 of the Dungeon)

   Dex:       It affects your dexterity (+2).
   rC:        It renders you almost immune to cold.
   Will:      It increases your willpower.
 g - the +0 troll leather armour of Benevolence (worn) {rPois rC+ Regen+ Int+4 Dex-5}
   (You found it on level 12 of the Dungeon)

   Int:       It affects your intelligence (+4).
   Dex:       It affects your dexterity (-5).
   rC:        It protects you from cold.
   rPois:     It protects you from poison.
   Regen:     It increases your rate of health regeneration.
 o - the +0 pair of gloves of the Mantidfly (worn) {rElec Int+2 Dex+4}
   (Okawaru gifted it to you on level 2 of the Swamp)

   Int:       It affects your intelligence (+2).
   Dex:       It affects your dexterity (+4).
   rElec:     It insulates you from electricity.
 E - a scarf of resistance (worn)
 R - a +2 helmet of see invisible (worn)
Jewellery
 d - an amulet of regeneration (around neck)
 l - the ring of Rerel {rF+ Int+6 Dex+3}
   (You found it on level 3 of the Vaults)

   [ring of intelligence]

   Int:       It affects your intelligence (+6).
   Dex:       It affects your dexterity (+3).
   rF:        It protects you from fire.
 n - a ring of positive energy (left hand)
 A - the ring of Muihecs (right hand) {rC+ Will+ Int+2}
   (You found it on level 11 of the Dungeon)

   [ring of willpower]

   Int:       It affects your intelligence (+2).
   rC:        It protects you from cold.
   Will:      It increases your willpower.
 D - a ring of ice
 Q - the amulet "Qeedoyli" {RegenMP Will+ Str-5 Int+4}
   (You found it on level 5 of the Pits of Slime)

   [amulet of magic regeneration]

   It increases your rate of magic regeneration.
   Str:       It affects your strength (-5).
   Int:       It affects your intelligence (+4).
   Will:      It increases your willpower.
 T - an amulet of the acrobat
Wands
 h - a wand of quicksilver (22)
 C - a wand of digging (9)
 G - a wand of roots (60)
 U - a wand of paralysis (49)
Scrolls
 a - 2 scrolls of silence
 e - 9 scrolls of poison
 f - 9 scrolls of vulnerability
 q - a scroll of summoning
 s - 6 scrolls of enchant armour
 w - 5 scrolls of enchant weapon
 y - 19 scrolls of teleportation
 B - 8 scrolls of fear (quivered)
 I - 3 scrolls of immolation
 J - 3 scrolls of blinking
Potions
 j - 5 potions of resistance
 k - 8 potions of lignification
 p - 20 potions of curing
 t - a potion of haste
 u - a potion of heal wounds
 v - 5 potions of mutation
 x - a potion of cancellation
 z - 3 potions of brilliance
 F - 10 potions of might
 H - 3 potions of berserk rage
 P - 9 potions of attraction
 S - 2 potions of ambrosia
 V - 8 potions of invisibility
Miscellaneous
 M - a condenser vane
 O - a phial of floods
 X - a lightning rod (4/4)


   Skills:
 - Level 22.0 Fighting
 - Level 16.0 Long Blades
 - Level 10.0 Armour
 - Level 18.0 Dodging
 - Level 1.6 Stealth
 - Level 5.0 Shields
 - Level 23.6 Spellcasting
 - Level 7.0 Invocations
 + Level 12.2 Evocations


You knew the following spells:

 Your Spells              Type           Power      Damage    Failure   Level
a - Orb of Destruction    Conj           65%        9d15      1%          7
b - Simulacrum            Ice/Necr       65%        N/A       0%          6
c - Maxwell's Capacitive  Air            65%        ∞         1%          8
d - Fulminant Prism       Conj/Hex       65%        3d27      0%          4
e - Iskenderun's Mystic   Conj/Tloc      100%       2d19      0%          4
f - Slow                  Hex            100%       N/A       0%          1
g - Petrify               Tmut/Erth      100%       N/A       0%          4
h - Necromutation         Tmut/Necr      65%        N/A       1%          8
i - Starburst             Conj/Fire      65%        6d17      0%          6
j - Polar Vortex          Ice            65%        N/A       3%          9
l - Dazzling Flash        Conj/Hex       100%       N/A       0%          3
m - Magic Dart            Conj           100%       1d8       0%          1
o - Storm Form            Tmut/Air       65%        N/A       1%          7
p - Summon Forest         Summ/Tloc      65%        N/A       0%          5
r - Lesser Beckoning      Tloc           100%       N/A       0%          2
L - Scorch                Fire           100%       2d9       0%          2
M - Searing Ray           Conj           100%       2d8       0%          2
P - Summon Ice Beast      Ice/Summ       100%       N/A       0%          4
Your spell library was empty.

Dungeon Overview and Level Annotations

Branches:
Dungeon (15/15)            Temple (0/1) D:5            Lair (5/5) D:10
  Swamp (4/4) Lair:3        Snake (4/4) Lair:3        Slime (5/5) Lair:4
    Orc (2/2) D:9             Elf (3/3) Orc:2        Vaults (4/5) D:13
  Crypt (0/3) Vaults:3     Depths (4/4) D:15            Zot (5/5) Depths:4
 Bailey (visited)           IceCv (visited)         Volcano (visited)
Gauntlet (visited)

Altars:
Ashenzari
Cheibriados
Fedhas
Gozag
Hepliaklqana
Okawaru
Ru
Wu Jian
Xom
Yredelemnul
Jiyva
Lugonu

Shops:
D:3 ?*([   D:9 *   Orc:1 *   Orc:2 *([=   Snake:1 [*   Snake:2 *   Snake:4 :=:
Depths:3 !

Portals:
Hell: Depths:1 Depths:2 Depths:3 Depths:4
Abyss: Lair:5 Depths:3
Pandemonium: Depths:2
Ziggurat: Depths:4

Annotations:
Swamp:4 !This is Swamp 4
Snake:4 !This is Snake 4
Slime:5 Royal Jelly
Elf:2 4 runed translucent doors, Varewnug's ghost, adept HuVM
Vaults:5 !This is Vaults 5
Depths:3 exclusion: upstairs
Zot:2 exclusions: downstairs and 2 upstairs
Zot:5 exclusion: upstairs


Innate Abilities, Weirdness & Mutations

You are immune to sickness and miasma.
You are immune to poison.
Your flesh is very heat resistant. (rF++)
You are vulnerable to cold. (rC-)
You float through the air rather than walking.
You learn spells naturally, not from books.
Your magical power is your life essence.
You have superior vitality. (+4 MHP)
You are completely covered in iridescent scales. (AC +6)
Your mind is acute. (Int +4, Str/Dex -1)
You passively map a small area around you.
Your muscles are strong. (Str +4, Int/Dex -1)
Your body has grown many eyes which may confuse attackers. (Acc +5)
Your rubbery body absorbs attacks. (AC +1, EV +1)
Armour fits poorly on your pseudopods.
Your movements are slightly less encumbered by armour. (ER -2)


Message History

You hear a distant slurping noise. x2
There is a stone staircase leading up here.
You fly upwards.
There is a stone staircase leading down here.
(D) Dungeon (T) Temple (L) Lair (S) Swamp (P) Snake Pit (M) Slime Pits (O) Orcish Mines (E) Elven Halls (V) Vaults (C) Crypt (U) Depths (H) Hell (Z) Zot
Where to? (Enter - D:4, ? - help)
You hear a distant slurping noise.
There is a stone staircase leading up here.
You fly upwards.
There is a stone staircase leading down here.
(D) Dungeon (T) Temple (L) Lair (S) Swamp (P) Snake Pit (M) Slime Pits (O) Orcish Mines (E) Elven Halls (V) Vaults (C) Crypt (U) Depths (H) Hell (Z) Zot
Where to? (Enter - D:3, ? - help)
There is a stone staircase leading up here.
You fly upwards.
There is a stone staircase leading down here.
(D) Dungeon (T) Temple (L) Lair (S) Swamp (P) Snake Pit (M) Slime Pits (O) Orcish Mines (E) Elven Halls (V) Vaults (C) Crypt (U) Depths (H) Hell (Z) Zot
Where to? (Enter - D:2, ? - help)
There is a stone staircase leading up here.
You fly upwards.
There is a stone staircase leading down here.
(D) Dungeon (T) Temple (L) Lair (S) Swamp (P) Snake Pit (M) Slime Pits (O) Orcish Mines (E) Elven Halls (V) Vaults (C) Crypt (U) Depths (H) Hell (Z) Zot
Where to? (Enter - D:1, ? - help)
Okay, then.
Unknown command.
You hear a distant slurping noise.
There is a staircase leading out of the dungeon here.
You can't go down here!
You have escaped!

............###########.#..####..
###.......###.......###....# ###
###+#.#.........⌠...J......######
......#...##..⌠...⌠..##..........
.)....#..####.......####.........
......#.## ##..⌠..## ##.#####..
......### ##...## ### #.. ###...#
####...#### #..
##########....@....####### ###
#.....................# #
#..⌠....⌠.....⌠....⌠..# #
#.....⌠....#(...⌠.....#
##..⌠.^..#####....⌠..## ##....###
###....## ##>### ###>## ### ###


You could see a neutral jelly (wandering) (fellow slime).

Vanquished Creatures
  4 dread liches (Zot:5)
  An ancient lich (Zot:5)
  2 orbs of fire (Zot:5)
  4 Killer Klowns
  2 curse toes (Zot:3)
  8 golden dragons
  A profane servitor (D:10)
  A bone dragon (Depths:4)
  2 electric golems
  A Brimstone Fiend (D:13)
  10 tentacled monstrosities
  Mlioglotl (Swamp:2)
  23 Orb Guardians
  3 liches
  Rupert (D:12)
  2 deep elf master archers
  11 quicksilver dragons
  A walking frostbound tome (Depths:3)
  7 titans
  4 sphinxes
  An Executioner (Zot:5)
  5 deep elf blademasters
  Kirke (D:15)
  A thorn hunter (Swamp:2)
  4 tengu reavers
  Gastronok (D:9)
  8 death cobs
  6 storm dragons
  8 shadow dragons
  4 nagarajas
  An azure jelly (shapeshifter) (Lair:5)
  Roxanne (D:14)
  3 draconian monks
  22 fire giants
  4 fenstrider witches
  5 draconian knights
  15 vault wardens
  17 frost giants
  2 ghost moths
  Aizul (Snake:2)
  3 draconian scorchers
  A balrug (Depths:1)
  The ghost of browni3141 the Bludgeoner, a journeyman FoIE of Qazlal (D:12)
  14 deep elf sorcerers
  5 draconian stormcallers
  2 draconian shifters
  An orc warlord (Vaults:2)
  10 draconian annihilators
  20 ironbound preservers
  4 reapers
  6 deep elf elementalists
  24 very ugly things
  A war gargoyle (Vaults:4)
  3 ironbound thunderhulks
  9 black draconians
  3 deep elf demonologists (Elf:3)
  12 stone giants
  2 vampire knights
  6 eleionomae
  6 green draconians
  14 yellow draconians
  8 deep elf annihilators (Elf:3)
  A lorocyproca (D:14)
  4 bunyips
  A dire elephant (Vaults:4)
  A minotaur (Gauntlet)
  9 ettins
  9 red draconians
  11 purple draconians
  10 white draconians
  Josephine (D:12)
  4 deep elf death magi
  6 fire dragons
  4 deep elf high priests (Elf:3)
  14 hydras
  2 entropy weavers
  2 shambling mangroves (Swamp:4)
  Fannar (D:12)
  9 yaktaur captains
  4 spriggan air magi
  Erolcha (Orc:2)
  2 hell beasts (Depths:1)
  4 salamander tyrants
  9 ice dragons
  6 rakshasas
  6 vault guards
  2 ogre magi
  4 boulder beetles
  13 centaur warriors
  4 anacondas
  9 ironbound frosthearts
  6 two-headed ogres
  A merfolk aquamancer (Depths:3)
  Erica (D:9)
  12 alligators
  The ghost of Fractals the Destroyer, a novice DgCj (D:9)
  2 deep troll shamans (Depths:4)
  15 naga warriors
  4 tengu warriors
  8 deep troll earth magi
  Urug (Orc:1)
  4 thrashing horrors (Lair:5)
  9 naga sharpshooters
  9 dancing weapons
  10 shock serpents
  2 vampire magi (Depths:1)
  2 soul eaters
  A spriggan berserker (Depths:4)
  9 deep elf knights
  Sonja (Lair:4)
  16 hell knights
  Nergalle (D:10)
  3 sun demons (Depths:1)
  5 salamander mystics
  17 skeletal warriors
  2 sixfirhies (Depths:1)
  A fire crab (Gauntlet)
  5 iron trolls
  A spark wasp zombie (Depths:2)
  5 goliath frogs
  2 golden dragon zombies (Depths:3)
  A shadow demon (Zot:5)
  A glowing orange brain (Depths:1)
  15 swamp dragons
  14 deep elf archers
  43 deep trolls
  7 spriggan druids
  A sea snake (Snake:2)
  A bog body (Swamp:4)
  6 naga ritualists
  18 ironbound convokers
  2 obsidian statues
  26 deep elf zephyrmancers
  A golden dragon skeleton (Depths:3)
  11 wizards
  5 lindwurms
  9 necromancers
  Pikel (D:9)
  5 phantasmal warriors
  12 deep elf pyromancers
  7 orc knights
  3 orc sorcerers
  A sphinx skeleton (Vaults:3)
  9 mana vipers
  A shadow dragon skeleton (Depths:2)
  A manticore (D:15)
  A wolf spider (D:14)
  15 cyclopes
  41 ugly things
  19 salamanders
  10 elephants
  Maurice (Orc:2)
  4 will-o-the-wisps
  2 ice statues (IceCv)
  Joseph (D:9)
  13 moths of wrath
  15 vault sentinels
  3 water nymphs (Depths:3)
  A black mamba (shapeshifter) (D:14)
  27 black mambas
  5 guardian serpents
  6 cane toads
  5 gargoyles
  4 smoke demons (Lair:5)
  20 naga magi
  4 unseen horrors
  3 orange demons (Depths:1)
  Maggie (Lair:1)
  3 dryads (Depths:3)
  5 rime drakes
  Psyche (D:12)
  A yaktaur (shapeshifter) (D:15)
  An unseen horror (shapeshifter) (Elf:3)
  10 yaktaurs
  2 minotaur zombies (Gauntlet)
  6 tengu conjurers
  2 anaconda simulacra (IceCv)
  2 freezing wraiths
  6 komodo dragons
  A tormentor (Depths:1)
  A kobold demonologist (D:13)
  2 ancient zymes (Lair:5)
  3 meliai (Gauntlet)
  5 ice devils (IceCv)
  A bloated husk (Swamp:1)
  A shadow dragon simulacrum (Depths:3)
  A polar bear (Lair:4)
  11 hornets
  11 trolls
  3 tarantellas (Orc:1)
  A tengu simulacrum (Depths:3)
  A hellwing (Depths:1)
  10 tyrant leeches
  Prince Ribbit (Lair:3)
  5 dream sheep (Lair:3)
  24 blink frogs
  Sigmund (D:7)
  13 slime creatures
  7 wraiths
  An air elemental (Elf:2)
  5 ynoxinuls
  14 spriggans
  3 shadows
  3 water elementals
  4 wyverns
  5 dire elephant simulacra (IceCv)
  20 yaks
  A vampire (D:9)
  3 basilisks
  3 fire bats (Gauntlet)
  2 fire elementals
  A yak (shapeshifter) (Elf:2)
  25 vampire mosquitoes
  2 steam dragons (D:6)
  4 redbacks
  A neqoxec (D:7)
  7 hogs (D:15)
  3 chaos spawn
  Edmund (D:7)
  12 swamp worms
  37 nagas
  4 wargs
  A harpy simulacrum (IceCv)
  15 water moccasins
  4 acid dragons
  2 hydra simulacra (IceCv)
  26 orc warriors
  A glowing shapeshifter skeleton (Depths:2)
  3 hell hounds (Depths:2)
  An ice beast (D:5)
  A sky beast (D:7)
  8 swamp drakes
  4 black bears
  4 wolves (Lair:1)
  2 boggarts
  7 ogres
  7 centaurs
  3 phantoms
  3 lemures (D:9)
  A gnoll sergeant (D:12)
  10 kobold brigands
  3 bullfrogs
  3 earth elementals (Elf:2)
  A two-headed ogre simulacrum (IceCv)
  2 scorpions
  14 small abominations (Lair:5)
  A water moccasin zombie (D:3)
  6 wights
  6 killer bees
  A hornet simulacrum (D:15)
  14 electric eels
  4 howler monkeys
  3 lava snakes (Lair:3)
  7 jellies
  16 orc priests
  6 hounds
  An iron imp (D:10)
  4 sleepcaps
  6 iguanas
  20 orc wizards
  A spriggan simulacrum (IceCv)
  A polar bear simulacrum (IceCv)
  10 gnolls
  10 adders
  12 white imps (D:12)
  2 ufetubi
  3 dart slugs
  55 orcs
  18 endoplasms
  6 giant cockroaches
  12 goblins
  6 hobgoblins
  5 jackals
  28 kobolds
  A quokka (D:3)
  11 ball pythons
  A ball python zombie (D:3)
  5 bats
  3 frilled lizards
  6 rats
  4 fulminant prisms
  A snaplasher vine (Depths:3)
1790 creatures vanquished.

Vanquished Creatures (collateral kills)
  A draconian annihilator (Zot:5)
  A moth of wrath (Zot:4)
  A glowing shapeshifter skeleton (Depths:2)
3 creatures vanquished.

Vanquished Creatures (others)
  A titan (Depths:3)
  A deep elf elementalist (Depths:3)
  An ironbound thunderhulk (Vaults:2)
  A yaktaur captain (Vaults:1)
  11 great orbs of eyes
  An ironbound frostheart (Vaults:2)
  A merfolk aquamancer (Depths:3)
  2 glowing orange brains
  A lindwurm (Vaults:4)
  A harpy (Vaults:2)
  2 ironbound convokers
  A sphinx zombie (Vaults:3)
  3 vault sentinels (Vaults:2)
  5 yaktaurs
  A tyrant leech (shapeshifter) (Vaults:4)
  A floating eye (Depths:4)
  25 slime creatures
  An elf skeleton (Vaults:3)
  A black bear (shapeshifter) (Vaults:2)
  A water moccasin (D:9)
  An ogre (shapeshifter) (Vaults:4)
  104 jellies
  18 foxfires
  398 fulminant prisms
583 creatures vanquished.

Grand Total: 2376 creatures vanquished

Notes
Turn   | Place    | Note
-------+----------+-------------------------------------------
     0 | D:1      | dang3rdave the Djinni Conjurer began the quest for the Orb.
     0 | D:1      | dang3rdave set off with the following spells memorised:
                  | Magic Dart, Searing Ray, Dazzling Flash, Fulminant Prism,
                  | Iskenderun's Mystic Blast.
     0 | D:1      | Reached XP level 1. HP: 15/15 MP: 0/0
    72 | D:1      | Reached XP level 2. HP: 8/21 MP: 0/0
   410 | D:1      | Reached XP level 3. HP: 23/25 MP: 0/0
   410 | D:1      | Learned a level 1 spell: Slow
   511 | D:1      | Reached skill level 4 in Spellcasting
   634 | D:1      | Found a faded altar of an unknown god.
   740 | D:1      | Prayed at the altar of an unknown god.
   740 | D:1      | Became a worshipper of Warmaster Okawaru
   740 | D:1      | Reached * piety under Okawaru
   907 | D:2      | Reached XP level 4. HP: 27/31 MP: 0/0
   955 | D:2      | Found a blossoming altar of Fedhas.
  1643 | D:3      | Found Misaty's General Store.
  1660 | D:3      | Bought a scroll of identify for 22 gold pieces
  1660 | D:3      | Bought a potion of curing for 33 gold pieces
  1709 | D:3      | Reached XP level 5. HP: 33/35 MP: 0/0
  1709 | D:3      | Learned a level 2 spell: Lesser Beckoning
  1965 | D:3      | Found an iron altar of Okawaru.
  1978 | D:3      | Reached skill level 5 in Spellcasting
  2053 | D:3      | Found Sefut's Weapon Shop.
  2255 | D:3      | Found Jearyatyg's Armour Boutique.
  2542 | D:3      | Found Noiwkup's Magic Scroll Boutique.
  2550 | D:3      | Bought a scroll of teleportation for 42 gold pieces
  2570 | D:3      | Reached XP level 6. HP: 33/40 MP: 0/0
  2596 | D:3      | Found a basalt altar of Yredelemnul.
  2801 | D:4      | Reached ** piety under Okawaru
  2802 | D:4      | Reached skill level 6 in Spellcasting
  2824 | D:4      | Reached XP level 7. HP: 32/45 MP: 0/0
  2824 | D:4      | Learned a level 2 spell: Scorch
  3510 | D:5      | Entered Level 5 of the Dungeon
  3526 | D:5      | Found a staircase to the Ecumenical Temple.
  3585 | D:5      | Reached skill level 7 in Spellcasting
  3659 | D:5      | Reached XP level 8. HP: 32/50 MP: 0/0
  4059 | D:5      | Reached *** piety under Okawaru
  4060 | D:5      | Reached skill level 1 in Fighting
  5109 | D:6      | Reached skill level 8 in Spellcasting
  5109 | D:6      | Reached XP level 9. HP: 48/62 MP: 0/0
  5109 | D:6      | Learned a level 4 spell: Summon Ice Beast
  5702 | D:6      | Reached **** piety under Okawaru
  5703 | D:6      | Reached skill level 5 in Fighting
  6453 | D:7      | Noticed a freezing wraith
  6459 | D:7      | Noticed Edmund
  6465 | D:7      | Killed Edmund
  6466 | D:7      | Reached skill level 9 in Spellcasting
  6478 | D:7      | Found a transporter.
  6492 | D:7      | Found a transporter.
  6507 | D:7      | Noticed a troll
  6522 | D:7      | Noticed Sigmund
  6536 | D:7      | Noticed a komodo dragon
  6568 | D:7      | Reached XP level 10. HP: 67/73 MP: 0/0
  6635 | D:7      | Found a flagged portal.
  6759 | Bailey   | Entered a bailey
  6792 | Bailey   | Reached ***** piety under Okawaru
  6800 | Bailey   | Noticed an orc knight
  6808 | Bailey   | Found a bloodstained altar of Trog.
  7004 | Bailey   | Killed an orc knight
  7356 | D:7      | Killed Sigmund
  7546 | D:8      | Found a broken altar of Ashenzari.
  7580 | D:8      | Found a blossoming altar of Fedhas.
  8313 | D:9      | Noticed Gastronok
  8313 | D:9      | Noticed Erica
  8313 | D:9      | Noticed Joseph
  8433 | D:9      | Reached skill level 10 in Spellcasting
  8530 | D:9      | Found a runed translucent gate.
  8532 | D:9      | Found a runed translucent gate.
  8532 | D:9      | Found an opulent altar of Gozag.
  8532 | D:9      | Found a runed translucent gate.
  8538 | D:9      | Found Wasank's Assorted Antiques.
  8538 | D:9      | Noticed Fractals's ghost (novice DgCj)
  8538 | D:9      | Noticed a freezing wraith
  8734 | D:9      | Reached ****** piety under Okawaru
  8734 | D:9      | Received a gift from Okawaru
  8735 | D:9      | Reached XP level 11. HP: 52/84 MP: 0/0
  8735 | D:9      | Learned a level 4 spell: Petrify
  8910 | D:9      | Noticed a two-headed ogre
  8992 | D:9      | Noticed Pikel
  8993 | D:9      | Killed Gastronok
  8994 | D:9      | Reached skill level 10 in Fighting
  9011 | D:9      | Killed Pikel
  9021 | D:9      | Killed Erica
  9022 | D:9      | Reached skill level 11 in Spellcasting
  9260 | D:9      | Found a shimmering altar of Xom.
  9762 | D:9      | Killed Joseph
  9929 | D:9      | Killed a two-headed ogre
 10009 | D:9      | Found a staircase to the Orcish Mines.
 10320 | D:10     | Entered Level 10 of the Dungeon
 10401 | D:10     | Found a snail-covered altar of Cheibriados.
 10469 | D:10     | Noticed Nergalle
 10481 | D:10     | Killed Nergalle
 10482 | D:10     | Reached skill level 12 in Spellcasting
 10660 | D:10     | Reached XP level 12. HP: 63/91 MP: 0/0
 10896 | D:10     | Found a staircase to the Lair.
 11349 | D:11     | Noticed a centaur warrior
 11350 | D:11     | Reached skill level 1 in Armour
 11361 | D:11     | Killed a centaur warrior
 11361 | D:11     | Received a gift from Okawaru
 11409 | D:11     | Noticed a two-headed ogre
 11416 | D:11     | Killed a two-headed ogre
 11417 | D:11     | Reached skill level 13 in Spellcasting
 11471 | D:11     | Noticed a boulder beetle
 11567 | D:10     | Killed a boulder beetle
 11635 | D:11     | Found a gate leading to a gauntlet.
 11647 | Gauntlet | Entered a Gauntlet
 11647 | Gauntlet | Found a transporter.
 11647 | Gauntlet | Found a transporter.
 11647 | Gauntlet | Found a transporter.
 11657 | Gauntlet | Found a transporter.
 11657 | Gauntlet | Noticed a fire crab
 11660 | Gauntlet | Found a transporter.
 11660 | Gauntlet | Found a transporter.
 11663 | Gauntlet | Noticed a fire crab
 11672 | Gauntlet | Found a transporter.
 11674 | Gauntlet | Found a transporter.
 11676 | Gauntlet | Found a large runed translucent door.
 11677 | Gauntlet | Found a large runed translucent door.
 11678 | Gauntlet | Found a large runed translucent door.
 11678 | Gauntlet | Found a large runed translucent door.
 11678 | Gauntlet | Found a runed translucent door.
 11678 | Gauntlet | Found a runed translucent door.
 11679 | Gauntlet | Found a large runed translucent door.
 11680 | Gauntlet | Found a large runed translucent door.
 11681 | Gauntlet | Found a large runed translucent door.
 11681 | Gauntlet | Found a large runed translucent door.
 11681 | Gauntlet | Noticed a tengu warrior
 11682 | Gauntlet | Found a runed translucent gate.
 11682 | Gauntlet | Found a runed translucent gate.
 11682 | Gauntlet | Found a runed translucent gate.
 11683 | Gauntlet | Noticed a great orb of eyes
 11684 | Gauntlet | Found a transporter.
 11684 | Gauntlet | Found the necklace of Bloodlust {Fury *Rage Will++ Int-3
                  | Slay+6}
 11695 | Gauntlet | Found a transporter.
 11712 | Gauntlet | Found a transporter.
 11716 | Gauntlet | Found a transporter.
 11795 | Gauntlet | Found a large runed translucent door.
 11796 | Gauntlet | Found a large runed translucent door.
 11797 | Gauntlet | Found a large runed translucent door.
 11797 | Gauntlet | Found a large runed translucent door.
 11798 | Gauntlet | Found a large runed translucent door.
 11799 | Gauntlet | Found a large runed translucent door.
 11800 | Gauntlet | Found a large runed translucent door.
 11800 | Gauntlet | Found a large runed translucent door.
 11883 | Gauntlet | Killed a fire crab
 11883 | Gauntlet | Received a gift from Okawaru
 11940 | Gauntlet | Killed a tengu warrior
 11968 | Gauntlet | Reached XP level 13. HP: 58/96 MP: 0/0
 11968 | Gauntlet | Learned a level 5 spell: Summon Forest
 12021 | Gauntlet | Identified the +5 plate armour of Integrity {Int+5}
 12035 | Gauntlet | Noticed a minotaur
 12048 | Gauntlet | Killed a minotaur
 12049 | Gauntlet | Reached skill level 14 in Spellcasting
 12208 | D:11     | Received a gift from Okawaru
 12334 | D:11     | Noticed an ogre mage
 12456 | D:11     | Noticed a fire dragon
 12460 | D:11     | Reached skill level 1 in Invocations
 12595 | D:12     | Noticed Fannar
 12607 | D:12     | Killed Fannar
 12660 | D:12     | Found a frozen archway.
 12681 | IceCv    | Entered an ice cave
 12702 | IceCv    | Received a gift from Okawaru
 12937 | IceCv    | Noticed a reaper
 12982 | IceCv    | Killed a reaper
 12983 | IceCv    | Reached skill level 15 in Spellcasting
 13110 | IceCv    | Reached skill level 5 in Invocations
 13209 | D:12     | Noticed Josephine
 13210 | D:12     | Noticed Psyche
 13222 | D:12     | Killed Psyche
 13225 | D:12     | Killed Josephine
 13241 | D:12     | Identified the scarf of the Skies Above {harm, Int+2}
                  | (Okawaru gifted it to you on level 12 of the Dungeon)
 13241 | D:12     | Received a gift from Okawaru
 13242 | D:12     | Reached XP level 14. HP: 85/103 MP: 0/0
 13480 | D:12     | Noticed Rupert
 13504 | D:12     | Killed Rupert
 13505 | D:12     | Reached skill level 1 in Shields
 13537 | D:12     | Found a runed translucent gate.
 13537 | D:12     | Noticed browni3141's ghost (journeyman FoIE)
 13538 | D:12     | Found a runed translucent gate.
 13539 | D:12     | Found a runed translucent gate.
 13913 | D:12     | Killed browni3141's ghost
 13952 | D:12     | Identified the +0 troll leather armour of Benevolence
                  | {rPois rC+ Regen+ Int+4 Dex-5}
 14122 | Lair:1   | Entered Level 1 of the Lair of Beasts
 14146 | Lair:1   | Found a dark tunnel.
 14157 | Volcano  | Entered a volcano
 14201 | Volcano  | Identified the +8 long sword "Wamynys" {spect, rElec rC+++
                  | Int-4 Dex+3}
 14205 | Arena    | Entered the Arena
 14205 | Arena    | HP: 5/103 [salamander/+2 trident (11)]
 14205 | Arena    | HP: 1/103 [salamander/+2 trident (4)]
 14641 | Lair:1   | Noticed Maggie
 14650 | Lair:1   | Killed Maggie
 15539 | Lair:2   | Reached skill level 5 in Shields
 15575 | Lair:2   | Reached skill level 5 in Dodging
 15671 | Lair:2   | Reached skill level 16 in Spellcasting
 15671 | Lair:2   | Reached XP level 15. HP: 107/107 MP: 0/0
 15671 | Lair:2   | Learned a level 6 spell: Starburst
 16228 | Lair:3   | Found a staircase to the Swamp.
 16256 | Lair:3   | Identified the +1 short sword of Sunlight {spect, rElec}
                  | (Okawaru gifted it to you on level 3 of the Lair of Beasts)
 16256 | Lair:3   | Received a gift from Okawaru
 16386 | Lair:3   | Noticed Prince Ribbit
 16600 | Lair:3   | Killed Prince Ribbit
 16837 | Lair:3   | Found a staircase to the Snake Pit.
 17421 | Lair:4   | Noticed Sonja
 17436 | Lair:4   | Killed Sonja
 17496 | Lair:4   | Reached XP level 16. HP: 96/113 MP: 0/0
 17496 | Lair:4   | Reached XP level 17. HP: 101/119 MP: 0/0
 17496 | Lair:4   | Learned a level 7 spell: Orb of Destruction
 17769 | Lair:4   | Found a runed translucent door.
 17770 | Lair:4   | Found a viscous altar of Jiyva.
 17778 | Lair:4   | Found a staircase to the Slime Pits.
 18128 | Lair:5   | Entered Level 5 of the Lair of Beasts
 18335 | Lair:5   | Identified the +1 buckler of Spring {Drain Will+ Str+2
                  | Dex+4} (Okawaru gifted it to you on level 5 of the Lair of
                  | Beasts)
 18335 | Lair:5   | Received a gift from Okawaru
 18449 | Lair:5   | Reached skill level 1 in Long Blades
 18512 | Lair:5   | Identified the staff of cold "Luithul" {rF+ rC+}
 19099 | Lair:5   | Found a corrupted altar of Lugonu.
 19099 | Lair:5   | Found a one-way gate to the infinite horrors of the Abyss.
 19615 | D:3      | Bought a scroll of identify for 28 gold pieces
 19615 | D:3      | Bought a scroll of teleportation for 42 gold pieces
 19615 | D:3      | Bought a scroll of identify for 28 gold pieces
 19615 | D:3      | Bought a scroll of teleportation for 42 gold pieces
 19615 | D:3      | Bought a scroll of teleportation for 42 gold pieces
 19615 | D:3      | Bought a scroll of teleportation for 42 gold pieces
 19615 | D:3      | Bought a scroll of identify for 28 gold pieces
 19659 | D:3      | Bought a scroll of blinking for 82 gold pieces
 19659 | D:3      | Bought a scroll of fog for 44 gold pieces
 19705 | D:3      | Identified a scroll of acquirement
 19859 | Orc:1    | Entered Level 1 of the Orcish Mines
 19859 | Orc:1    | Noticed Urug
 19864 | Orc:1    | Killed Urug
 19951 | Orc:1    | Found Contum's Commerce Corner.
 19975 | Orc:1    | Bought a potion of heal wounds for 85 gold pieces
 20110 | Orc:2    | Entered Level 2 of the Orcish Mines
 20172 | Orc:2    | Noticed Maurice
 20239 | Orc:2    | Killed Maurice
 20367 | Orc:2    | Found Xuguigaev's Antique Weapon Shoppe.
 20447 | Orc:2    | Noticed Erolcha
 20513 | Orc:2    | Killed Erolcha
 20557 | Orc:2    | Found Leiwk's General Store.
 20558 | Orc:2    | Found a staircase to the Elven Halls.
 20571 | Orc:2    | Bought a potion of heal wounds for 75 gold pieces
 20689 | Orc:2    | Found Ugifaid's Jewellery Shop.
 20702 | Orc:2    | Identified the +5 great sword of the Unstoppable Knaves
                  | {antimagic, rElec rN+ SInv} (Okawaru gifted it to you on
                  | level 2 of the Orcish Mines)
 20702 | Orc:2    | Received a gift from Okawaru
 20859 | Orc:2    | Found Woseunt's Antique Armour Shop.
 21191 | Orc:1    | Reached skill level 5 in Long Blades
 21746 | Snake:1  | Entered Level 1 of the Snake Pit
 21852 | Snake:1  | Reached skill level 17 in Spellcasting
 22062 | Snake:1  | Found Ril Gypp's Armour Emporium.
 22066 | Snake:1  | Found Vimnaeph's General Store.
 22072 | Snake:1  | Bought a scroll of identify for 30 gold pieces
 22110 | Snake:1  | Found an ornate altar of the Wu Jian Council.
 22761 | Snake:2  | Noticed Aizul
 22770 | Snake:2  | Killed Aizul
 23026 | Snake:2  | Found Afegoemo's General Store.
 23035 | Snake:2  | Bought a potion of curing for 48 gold pieces
 23083 | Snake:2  | Identified the +0 robe "Zutuics" {Harm} (Okawaru gifted it
                  | to you on level 2 of the Snake Pit)
 23083 | Snake:2  | Received a gift from Okawaru
 23092 | Snake:2  | Reached XP level 18. HP: 105/131 MP: 0/0
 23673 | Snake:2  | Found an opulent altar of Gozag.
 25357 | Swamp:1  | Entered Level 1 of the Swamp
 25795 | Swamp:1  | Identified the +1 leather armour of Loss {-Tele rF++ rN+
                  | Str-2}
 26067 | Swamp:2  | Identified the +0 pair of gloves of the Mantidfly {rElec
                  | Int+2 Dex+4} (Okawaru gifted it to you on level 2 of the
                  | Swamp)
 26067 | Swamp:2  | Received a gift from Okawaru
 26255 | Swamp:2  | Reached skill level 15 in Fighting
 26559 | Swamp:2  | Noticed Mlioglotl
 26566 | Swamp:2  | Killed Mlioglotl
 26743 | Swamp:2  | Reached XP level 19. HP: 45/145 MP: 0/0
 26743 | Swamp:2  | Learned a level 6 spell: Simulacrum
 27277 | Swamp:3  | Reached skill level 18 in Spellcasting
 27672 | Elf:1    | Entered Level 1 of the Elven Halls
 28140 | Elf:1    | Reached skill level 10 in Long Blades
 28417 | Elf:1    | Identified the +0 plate armour "Vitovau" {Harm rF+ Will+
                  | Stlth+} (Okawaru gifted it to you on level 1 of the Elven
                  | Halls)
 28417 | Elf:1    | Received a gift from Okawaru
 28638 | Elf:2    | Acquired 828 gold pieces
 28649 | Elf:2    | Paralysed by an air elemental for 1 turns
 28795 | Elf:2    | Found a runed translucent door.
 28796 | Elf:2    | Noticed Varewnug's ghost (adept HuVM)
 28984 | Elf:2    | Found a runed translucent gate.
 28985 | Elf:2    | Found a runed translucent gate.
 28991 | Elf:2    | Found a runed translucent gate.
 29101 | Elf:3    | Entered Level 3 of the Elven Halls
 29494 | Elf:3    | Found a flickering gateway to a bazaar.
 29512 | Bazaar   | Entered a bazaar
 29514 | Bazaar   | Found Jaeggo's Book Boutique.
 29518 | Bazaar   | Found Coipen's Jewellery Boutique.
 29518 | Bazaar   | Found Nesh's Armour Boutique.
 29519 | Bazaar   | Found Fitoacza's Magic Scroll Boutique.
 29544 | Bazaar   | Bought an amulet of regeneration for 450 gold pieces
 29544 | Bazaar   | Bought a +4 ring of slaying for 1170 gold pieces
 29549 | Bazaar   | Bought a scroll of blinking for 135 gold pieces
 29549 | Bazaar   | Bought a scroll of blinking for 135 gold pieces
 29549 | Bazaar   | Bought a scroll of fear for 72 gold pieces
 29549 | Bazaar   | Bought a scroll of teleportation for 54 gold pieces
 29549 | Bazaar   | Bought a scroll of magic mapping for 135 gold pieces
 29776 | Elf:3    | Noticed a deep elf blademaster
 29927 | Elf:3    | Noticed a deep elf blademaster
 29927 | Elf:3    | Identified the +6 rapier "Medwes" {antimagic, *Slow rElec
                  | Int+3 Dex+3}
 29927 | Elf:3    | Identified the +0 ring mail "Otreh" {Regen+ MP+9}
 29939 | Elf:3    | Identified the ring of the Supporting Gods {Fly Slay+2}
 29994 | Elf:3    | Identified the staff of poison "Enoiget" {rPois rF- rN++
                  | Str+3}
 30014 | Elf:3    | Identified the +0 rapier of the Median {drain, Will++ SInv}
 30027 | Elf:3    | Identified the staff of cold "Rekuh" {rC+ Str-5 Int+4}
 30506 | Snake:4  | Entered Level 4 of the Snake Pit
 31046 | Snake:4  | Reached XP level 20. HP: 139/153 MP: 0/0
 31046 | Snake:4  | Reached XP level 21. HP: 145/160 MP: 0/0
 31046 | Snake:4  | Learned a level 7 spell: Storm Form
 31144 | Snake:4  | Identified the +3 demon blade "Wihirulu" {freeze, Str+2
                  | Int+4 Stlth+} (Okawaru gifted it to you on level 4 of the
                  | Snake Pit)
 31144 | Snake:4  | Received a gift from Okawaru
 31164 | Snake:4  | Reached skill level 19 in Spellcasting
 31951 | Snake:4  | Got a serpentine rune of Zot
 32051 | Snake:4  | Found Zupsa's Book Shop.
 32051 | Snake:4  | Found Noufroa's Jewellery Emporium.
 32052 | Snake:4  | Found Buaweun's Book Shop.
 32285 | Swamp:4  | Entered Level 4 of the Swamp
 32325 | Swamp:4  | Received a gift from Okawaru
 33317 | Swamp:4  | Got a decaying rune of Zot
 33754 | D:11     | Identified the +9 morningstar of Wu Jian's Whim {venom, rC+
                  | rN+ Stlth+}
 33888 | D:11     | Identified the +4 flail of Gupsetzi {freeze, MP+9}
 33908 | D:11     | Identified the ring of Muihecs {rC+ Will+ Int+2}
 34052 | D:11     | Received a gift from Okawaru
 34234 | D:13     | Identified the +0 buckler of the Verdant God {rC+++ Will+
                  | Dex+2} (Okawaru gifted it to you on level 13 of the
                  | Dungeon)
 34234 | D:13     | Received a gift from Okawaru
 34676 | D:13     | Found a gate to the Vaults.
 35105 | D:14     | Reached XP level 22. HP: 145/157 MP: 0/0
 35380 | D:14     | Noticed Roxanne
 35391 | D:14     | Killed Roxanne
 35489 | D:15     | Entered Level 15 of the Dungeon
 35490 | D:15     | Noticed Kirke
 35497 | D:15     | Reached skill level 20 in Spellcasting
 35497 | D:15     | Killed Kirke
 35721 | D:15     | Found a staircase to the Depths.
 35992 | D:15     | Found a sacrificial altar of Ru.
 36048 | Depths:1 | Entered Level 1 of the Depths
 36416 | Depths:1 | Received a gift from Okawaru
 36552 | Depths:1 | Found a gateway to Hell.
 36740 | Depths:1 | Reached skill level 15 in Long Blades
 37343 | Depths:1 | Found a faded altar of an unknown god.
 37344 | Depths:1 | Found a hazy altar of Hepliaklqana.
 37348 | Depths:1 | Found a faded altar of an unknown god.
 37884 | Lair:4   | Fell from the grace of Okawaru
 37884 | Lair:4   | Became a worshipper of Jiyva Joysog the Shapeless
 38190 | Vaults:1 | Entered Level 1 of the Vaults
 38353 | Vaults:1 | Reached skill level 21 in Spellcasting
 38504 | Vaults:1 | Reached * piety under Jiyva
 38617 | Vaults:1 | Reached XP level 23. HP: 170/172 MP: 0/0
 38617 | Vaults:1 | Learned a level 8 spell: Maxwell's Capacitive Coupling
 38982 | Vaults:1 | Reached ** piety under Jiyva
 40599 | D:7      | Identified the +3 rapier of Embarrassment {flame, *Noise
                  | rF- Will+++ MP+9}
 40806 | D:9      | Killed Fractals's ghost
 40831 | D:9      | Bought a scroll of teleportation for 63 gold pieces
 40831 | D:9      | Bought a scroll of teleportation for 63 gold pieces
 40831 | D:9      | Bought a scroll of immolation for 84 gold pieces
 40831 | D:9      | Bought a scroll of summoning for 199 gold pieces
 40831 | D:9      | Bought a scroll of teleportation for 63 gold pieces
 40831 | D:9      | Bought a scroll of blinking for 157 gold pieces
 40831 | D:9      | Bought a potion of might for 84 gold pieces
 40831 | D:9      | Acquired a manual of Dodging
 41267 | Depths:2 | Reached *** piety under Jiyva
 41313 | Depths:2 | Gained mutation: Your body has grown eyes which may confuse
                  | attackers. (Acc +3) [Jiyva's grace]
 41313 | Depths:2 | Gained mutation: Your body has grown many eyes which may
                  | confuse attackers. (Acc +5) [Jiyva's grace]
 41313 | Depths:2 | Gained mutation: Your body is covered in eyes which may
                  | confuse attackers. (Acc +7, SInv) [Jiyva's grace]
 41313 | Depths:2 | Gained mutation: Your mind is acute. (Int +4, Str/Dex -1)
                  | [Jiyva's grace]
 41389 | Depths:2 | Found a one-way gate leading to the halls of Pandemonium.
 42107 | Depths:3 | Reached **** piety under Jiyva
 42132 | Depths:3 | Found a runed translucent door.
 42132 | Depths:3 | Found the +5 demon whip "Spellbinder" {antimagic, disrupt,
                  | Will+}
 42184 | Depths:3 | Noticed a golden dragon
 42750 | Depths:3 | Found Ygipam's Distillery.
 42779 | Depths:3 | Bought a potion of curing for 66 gold pieces
 42779 | Depths:3 | Bought a potion of mutation for 176 gold pieces
 43009 | Depths:3 | Killed a golden dragon
 43111 | Depths:3 | Was placed under penance by Jiyva
 43569 | Depths:3 | Reached skill level 15 in Dodging
 43579 | Depths:3 | Reached XP level 24. HP: 104/181 MP: 0/0
 44155 | Depths:3 | Was forgiven by Okawaru
 44305 | Depths:4 | Entered Level 4 of the Depths
 44395 | Depths:4 | Found a one-way gateway to a ziggurat.
 44396 | Depths:4 | Was forgiven by Jiyva
 44683 | Depths:4 | Noticed a golden dragon
 44690 | Depths:4 | Killed a golden dragon
 44853 | Depths:4 | Found a gate to the Realm of Zot.
 45746 | Elf:3    | Reached skill level 22 in Spellcasting
 45967 | Elf:3    | Identified the +0 leather armour of a Hundred Realms
                  | {rCorr}
 46142 | Elf:3    | Identified the staff of earth "Buicreop" {Str+4 Stlth+}
 46163 | Elf:3    | Identified the +7 short sword of Rydagiurr {heavy, rElec
                  | rPois rF+}
 48383 | Vaults:2 | Lost mutation: Your body is covered in eyes which may
                  | confuse attackers. (Acc +7, SInv) [Jiyva's grace]
 48383 | Vaults:2 | Gained mutation: You passively map a small area around you.
                  | [Jiyva's grace]
 48383 | Vaults:2 | Gained mutation: You passively map the area around you.
                  | [Jiyva's grace]
 48383 | Vaults:2 | Gained mutation: You passively map a large area around you.
                  | [Jiyva's grace]
 48383 | Vaults:2 | Gained mutation: Your movements are slightly less
                  | encumbered by armour. (ER -2) [Jiyva's grace]
 48611 | Vaults:2 | Reached ***** piety under Jiyva
 48631 | Vaults:2 | Reached skill level 5 in Armour
 48775 | Vaults:2 | Reached XP level 25. HP: 150/190 MP: 0/0
 48775 | Vaults:2 | Learned a level 8 spell: Necromutation
 49259 | Vaults:3 | Found a staircase to the Crypt.
 49259 | Vaults:3 | Found a basalt altar of Yredelemnul.
 49674 | Vaults:3 | Identified the ring of Rerel {rF+ Int+6 Dex+3}
 49705 | Vaults:3 | Lost mutation: You passively map a large area around you.
                  | [Jiyva's grace]
 49705 | Vaults:3 | Lost mutation: You passively map the area around you.
                  | [Jiyva's grace]
 49705 | Vaults:3 | Gained mutation: Your rubbery body absorbs attacks. (AC +1,
                  | EV +1) [Jiyva's grace]
 49705 | Vaults:3 | Gained mutation: Your pliable body absorbs attacks. (AC +2,
                  | EV +2) [Jiyva's grace]
 49705 | Vaults:3 | Gained mutation: Your gelatinous body deflects attacks. (AC
                  | +3, EV +3) [Jiyva's grace]
 49705 | Vaults:3 | Gained mutation: Armour fits poorly on your pseudopods.
                  | [Jiyva's grace]
 50475 | Vaults:4 | Reached ****** piety under Jiyva
 51041 | Vaults:4 | Reached skill level 10 in Armour
 51806 | Slime:1  | Entered Level 1 of the Pits of Slime
 51954 | Slime:5  | Entered Level 5 of the Pits of Slime
 51971 | Slime:5  | Found a viscous altar of Jiyva.
 51971 | Slime:5  | Noticed the Royal Jelly
 51973 | Slime:5  | Found the +27 heavy crossbow "Sniper" {heavy, Acc+∞ SInv}
 51975 | Slime:5  | Identified the staff of cold "Hisoudel" {rC+ Int+5 Dex+2}
 51980 | Slime:5  | Identified the +3 arbalest of the Two Names {drain, Int+4}
 51983 | Slime:5  | Got a slimy rune of Zot
 51993 | Slime:5  | Identified the staff of conjuration "Kaesi" {*Corrode
                  | Dex+6}
 52002 | Slime:5  | Identified the amulet "Qeedoyli" {RegenMP Will+ Str-5
                  | Int+4}
 52514 | Zot:1    | Entered Level 1 of the Realm of Zot
 52641 | Zot:1    | Reached XP level 26. HP: 187/200 MP: 0/0
 52739 | Zot:2    | Noticed a Killer Klown
 52746 | Zot:2    | Killed a Killer Klown
 52944 | Zot:2    | Reached skill level 23 in Spellcasting
 53055 | Zot:3    | Noticed a curse toe
 53055 | Zot:3    | Noticed a dread lich
 53067 | Zot:2    | Lost mutation: Your gelatinous body deflects attacks. (AC
                  | +3, EV +3) [Jiyva's grace]
 53067 | Zot:2    | Lost mutation: Your pliable body absorbs attacks. (AC +2,
                  | EV +2) [Jiyva's grace]
 53067 | Zot:2    | Gained mutation: You are partially covered in iridescent
                  | scales. (AC +2) [Jiyva's grace]
 53067 | Zot:2    | Gained mutation: You are mostly covered in iridescent
                  | scales. (AC +4) [Jiyva's grace]
 53067 | Zot:2    | Gained mutation: You are completely covered in iridescent
                  | scales. (AC +6) [Jiyva's grace]
 53067 | Zot:2    | Gained mutation: Your muscles are strong. (Str +4, Int/Dex
                  | -1) [Jiyva's grace]
 53392 | Zot:4    | Noticed a Killer Klown
 53404 | Zot:4    | Killed a Killer Klown
 53423 | Zot:4    | Noticed a curse toe
 53470 | Zot:3    | Killed a curse toe
 53542 | Zot:4    | Noticed a curse toe
 53584 | Zot:3    | Killed a curse toe
 53860 | Zot:5    | Entered Level 5 of the Realm of Zot
 53977 | Zot:5    | Noticed a dread lich
 53996 | Zot:5    | Killed a dread lich
 53997 | Zot:5    | Reached XP level 27. HP: 171/211 MP: 0/0
 53997 | Zot:5    | Learned a level 9 spell: Polar Vortex
 54063 | Zot:5    | Noticed a dread lich
 54066 | Zot:5    | Noticed an orb of fire
 54076 | Zot:5    | Killed an orb of fire
 54080 | Zot:5    | Reached skill level 1 in Evocations
 54116 | Zot:5    | Noticed an ancient lich
 54120 | Zot:5    | Noticed a Killer Klown
 54122 | Zot:5    | Killed a Killer Klown
 54127 | Zot:5    | Killed an ancient lich
 54131 | Zot:5    | Noticed a dread lich
 54134 | Zot:5    | Reached skill level 5 in Evocations
 54134 | Zot:5    | Killed a dread lich
 54137 | Zot:5    | Killed a dread lich
 54359 | Zot:5    | Noticed an orb of fire
 54363 | Zot:5    | Killed an orb of fire
 54373 | Zot:5    | Noticed a dread lich
 54387 | Zot:5    | Killed a dread lich
 54474 | Zot:5    | Noticed a Killer Klown
 54495 | Zot:5    | Killed a Killer Klown
 54627 | Zot:5    | Reached skill level 10 in Evocations
 54728 | Zot:5    | Got the Orb of Zot
 55427 | D:$      | Escaped with the Orb!

Illustrated notes

Levels and vault maps discovered:
D:1:      dpeg_arrival_leaves_temple_mockup, layout_basic,
          shapermc_ecumenical_altar_ellora
D:2:      layout_basic, basic_altar, amethyst_killhole, serial_bayou_pond_a
D:3:      layout_loops_ring, mainiacjoe_overflow_24_doors,
          lemuel_zombie_altar_yredelemnul, serial_shops, shop,
          nicolae_shop_bloodbath_and_beyond, nicolae_diamond_shop, shop,
          minmay_crystal_room
D:4:      nicolae_cairo_tiling_large_dashed, layout_loops_cross
D:5:      layout_basic, temple_statues, fountainhead
D:6:      layout_loops_corners
D:7:      gammafunk_the_bubble [the_bubble_gammafunk_grid], layout_cave_pools,
          enter_bailey_5, sigmund_edmund_badplayer
D:8:      layout_basic, fedhas_altar_3, nicolae_ashenzari_panopticon
D:9:      minmay_bubble_buster, layout_basic, lemuel_tele_altar,
          kiku_gazebo_pond_becter, minmay_orc_entry_guard_dogs,
          ebering_ghost_gozag, chequers_avenue, uniq_gastronok, uniq_erica,
          uniq_joseph, uniq_pikel
D:10:     layout_irregular_city, slow_altar_1, lair_entry_dummy,
          hangedman_decor_points, disabler_island, uniq_nergalle
D:11:     minmay_the_grid_3x3 [minmay_the_grid_outer_circle,
          minmay_the_grid_aliased_spiral, minmay_the_grid_outer_diamond,
          minmay_the_grid_fan, minmay_the_grid_small_cups,
          minmay_the_grid_garden, minmay_the_grid_odd_star,
          minmay_the_grid_broken_lines, minmay_the_grid_prize_trominoes],
          layout_rooms, gauntlet_entry_generic
D:12:     layout_long_grid, biasface_ghost_orc_armoury,
          portal_ice_cave_entry_imps, kennysheep_small_square, uniq_fannar,
          uniq_josephine, uniq_rupert, uniq_psyche
D:13:     layout_small_grid, hangedman_vaults_entry_quadrant_bands
D:14:     layout_rooms, minivault_14, uniq_roxanne
D:15:     hangedman_depths_entry_civil_slaughter, layout_rooms,
          nicolae_ru_awakened_eye, uniq_kirke
Lair:1:   layout_long_grid, serial_bayou, serial_bayou_crossing,
          serial_bayou_pond_a, serial_bayou_lagoon_a, serial_bayou_ford_a,
          enter_volcano_1, infiniplex_staircase_pool_2, uniq_maggie
Lair:2:   layout_loops_ring
Lair:3:   layout_loops_ring, minmay_swamp_entry_wisps,
          nicolae_snake_entry_warm_welcome, grunt_forest_small_clearings,
          chequers_serial_rivers_micro_c, fungi_pond_lemuel, uniq_prince_ribbit2
Lair:4:   layout_roguey, slime_entry_2, minivault_26, uniq_sonja
Lair:5:   hellmonk_lair_end_abyssal_woods, layout_gridlike
Swamp:1:  layout_basic_swamp, evilmike_swamp_ruin_house_3
Swamp:2:  layout_basic_swamp, nicolae_swamp_small_spring, swamp_pool3,
          nicolae_swamp_bean_lake, infiniplex_staircase_pool, uniq_mlioglotl
Swamp:3:  layout_falls_marsh, evilmike_swamp_ruin_house_2
Swamp:4:  swamp, layout_basic_swamp, swamp_pool2, cheibrodos_swamp_witchery
Snake:1:  layout_grid_maze, basic_altar, hangedman_corner_corridor,
          minmay_shoptagon
Snake:2:  layout_misc_corridors, serial_shops, shop, hangedman_feature_mirror,
          nicolae_snake_gridmaze_swirls, st_stairs_3, hangedman_snake_pattern,
          serial_bayou_shore_a, uniq_aizul
Snake:3:  layout_chambers, basic_altar, grunt_megastairs_2,
          nicolae_triple_integral, lemuel_fruit_tree
Snake:4:  johnstein_snake_rune_scales, layout_onion_interference, st_stairs_6,
          minmay_shop_grove
Slime:1:  cheibrodos_slime_lost_civilization_8, layout_caves
Slime:2:  layout_caves
Slime:3:  layout_caves
Slime:4:  layout_caves
Slime:5
Orc:1:    nicolae_orc_accident_3, layout_caves, nicolae_alphabet_shops,
          uniq_urug
Orc:2:    grunt_orc_gardens, layout_caves, grunt_orc_garden, grunt_orc_garden,
          grunt_orc_garden, grunt_orc_garden, uniq_maurice, uniq_erolcha
Elf:1:    eino_elf_arrival_the_gate, layout_geoelf_octagon,
          hangedman_elf_disciples
Elf:2:    elven_hall_of_blades_hangedman_original [mumra_blade_entry_bloodbath],
          layout_gridlike, ebering_ghost_reflecting_pool,
          chequers_hall_statues_y
Elf:3:    minmay_elf_hall_four_x, layout_geoelf_octagon, serial_shops,
          bzr_entry_safe
Vaults:1: nicolae_vaults_security_offices_2, hangedman_vaults_stream,
          hangedman_vaults_stretched_pinwheel, v_misc_19,
          nicolae_vaults_network_square, nicolae_vaults_double_plus_1,
          vaults_room_stairs_pillars, layout_vaults_chaotic_city, serial_glass
Vaults:2: hangedman_vaults_slice, v_misc_3, nicolae_vaults_prndl, v_misc_26,
          nicolae_vaults_frosty_reception, nicolae_vaults_shrinking_rooms_1,
          nicolae_vaults_alarming, v_alt_pattern_3, v_misc_13,
          vaults_mumra_bighexcomb, v_alt_pattern_3,
          ontoclasm_vaults_loading_screen, nicolae_vaults_little_squares_1,
          nicolae_vaults_offset_grid_hallway_3, layout_vaults_maze_bifur
Vaults:3: nicolae_vaults_spaceships, hangedman_vaults_corner,
          ontoclasm_vaults_hangar, nicolae_vaults_mini_display_case,
          nicolae_vaults_more_shelving_2, layout_vaults_omnigrid,
          minmay_crypt_entry_necro_gods
Vaults:4: nicolae_vaults_house_2, nicolae_vaults_network_star,
          grunt_vaults_focal, v_pattern_5, vaults_room_door_ring, v_misc_33,
          ontoclasm_vaults_spin, nicolae_vaults_closet_pinwheel_2, v_misc_23,
          dpeg_vaults_pockets_of_resistance, nicolae_vaults_theta,
          nicolae_vaults_storage_closets_3, ontoclasm_vaults_gateway,
          layout_vaults_omnibox
Depths:1: layout_gridlike, grunt_hell_entry_demonic_statue,
          hangedman_abyss_or_decor_stabs,
          nicolae_hepliaklqana_ecumenical_no_more
Depths:2: impenetrable_vault, layout_honeycomb, kennysheep_decorative_pillar,
          grunt_hell_entry_dis_mu, grunt_pan_entry_zigzag
Depths:3: nicolae_terramorphic_expanse [nicolae_terramorphic_quarter,
          nicolae_terramorphic_quarter, nicolae_terramorphic_quarter,
          nicolae_terramorphic_quarter, nicolae_terramorphic_quarter,
          nicolae_terramorphic_biome, nicolae_terramorphic_biome,
          nicolae_terramorphic_biome, nicolae_terramorphic_biome],
          layout_gridlike, hell_entry, hangedman_abyss_entry_splay,
          lightli_giant_bouncers, minmay_shop_star, infiniplex_staircase_star
Depths:4: grunt_twist_and_shout, layout_honeycomb, enter_ziggurat_e, hell_entry,
          kennysheep_doodads, serial_bayou_shore_b
Zot:1:    layout_gridlike, uniq_josephina
Zot:2:    layout_onion_interference, grunt_megastairs_4
Zot:3:    hangedman_snap_crack_crunch, layout_concentric_octagons
Zot:4:    kennysheep_blocky_hall, layout_misc_corridors
Zot:5:    layout_gridlike

Skill      XL: |  1  2  3  4  5  6  7  8  9 10 11 12 13 14 15 16 17 18 19 20 21 22 23 24 25 26 27 |
---------------+----------------------------------------------------------------------------------+-----
Spellcasting   | 4 5 6 7 8 9 10 12 13 15 16 17 18 19 21 22 23 | 23.6
Fighting       | 4 6 9 10 12 15 16 17 18 19 20 21 22 | 22.0
Armour         | 4 5 10 | 10.0
Invocations    | 5 7 |  7.0
Shields        | 5 |  5.0
Dodging        | 5 9 11 12 15 18 | 18.0
Long Blades    | 6 9 11 13 15 16 | 16.0
Evocations     | 12 | 12.2
Stealth        | |  1.6

Action                     |  1- 3 |  4- 6 |  7- 9 | 10-12 | 13-15 | 16-18 | 19-21 | 22-24 | 25-27 || total
---------------------------+-------+-------+-------+-------+-------+-------+-------+-------+-------++-------
  Melee: Unarmed           |       |     2 |     2 |       |       |       |       |       |       ||     4
         Staff             |       |       |     2 |     4 |     3 |       |       |       |       ||     9
         Long sword        |       |       |       |       |     1 |     4 |     1 |       |       ||     6
         Double sword      |       |       |       |       |       |       |       |     7 |    10 ||    17
         Pseudopods        |       |       |       |       |       |       |       |       |     4 ||     4
  Throw: Dart              |       |       |       |     3 |       |       |       |       |       ||     3
   Cast: Magic Dart        |    68 |   109 |     8 |     6 |     4 |     3 |       |       |       ||   198
         Searing Ray       |     1 |     4 |     4 |       |       |       |       |       |       ||     9
         Fulminant Prism   |       |     2 |    53 |   113 |   150 |    37 |    19 |    29 |     1 ||   404
         Scorch            |       |       |    16 |     2 |       |       |       |       |       ||    18
         Iskenderun's Myst |       |       |    17 |    81 |   209 |   157 |    89 |   240 |   148 ||   941
         Slow              |       |       |     2 |     1 |       |       |       |       |       ||     3
         Lesser Beckoning  |       |       |     1 |       |       |       |     1 |     1 |     1 ||     4
         Petrify           |       |       |       |     2 |     5 |     2 |       |       |       ||     9
         Starburst         |       |       |       |       |     9 |     2 |     3 |    20 |    32 ||    66
         Orb of Destructio |       |       |       |       |       |   328 |   386 |   478 |   162 ||  1354
         Dazzling Flash    |       |       |       |       |       |       |       |     1 |       ||     1
         Maxwell's Capacit |       |       |       |       |       |       |       |    72 |   182 ||   254
         Simulacrum        |       |       |       |       |       |       |       |     1 |       ||     1
         Polar Vortex      |       |       |       |       |       |       |       |       |     1 ||     1
 Invoke: Duel              |       |       |       |       |     1 |       |       |       |       ||     1
         Heroism           |       |       |       |       |       |     1 |     1 |       |       ||     2
  Evoke: Wand              |       |       |       |     2 |       |       |     1 |       |     1 ||     4
    Use: Scroll            |       |     4 |     6 |     4 |    19 |    16 |    11 |    12 |     4 ||    76
         Potion            |       |       |     1 |     2 |     9 |     1 |    12 |     8 |       ||    33
   Stab: Sleeping          |       |       |       |       |       |       |     1 |       |       ||     1
         Invisible         |       |       |       |       |       |       |       |     1 |       ||     1
 Armour: Robe              |     2 |     6 |     8 |     5 |       |       |       |       |       ||    21
         Troll leather arm |       |       |       |     4 |    20 |    27 |    19 |    26 |    64 ||   160
  Dodge: Dodged            |     5 |    16 |    28 |    59 |    56 |    60 |    81 |   157 |   304 ||   766
  Block: Buckler           |       |       |       |       |     8 |    25 |    22 |    34 |    66 ||   155
